 Dungeon Crawl Stone Soup version 0.17-a0-1942-g46ae386 (webtiles) character file.

12967 tp1 the Cleaver (level 12, -2/112 HPs)
             Began as a Gargoyle Berserker on Sept 29, 2015.
             Was an Elder of Trog.
             Slain by a death yak (13 damage)
             ... on level 2 of the Lair of Beasts on Sept 30, 2015.
             The game lasted 01:24:06 (10354 turns).

tp1 the Cleaver (Gargoyle Berserker)               Turns: 10354, Time: 01:24:07

Health: -2/112     AC: 28    Str: 31    XL:     12   Next: 1%
Magic:  12/12      EV:  9    Int:  8    God:    Trog [****..]
Gold:   519        SH:  0    Dex:  9    Spells: 0 memorised, 11 levels left

rFire  + . .     SeeInvis .     L - +2 battleaxe
rCold  . . .     Clarity  .     l - +1 plate armour
rNeg   + . .     SustAt   .     (no shield)
rPois  ∞         Gourm    .     A - +0 helmet
rElec  +         Spirit   .     (no cloak)
rCorr  .         Warding  .     V - +0 pair of gloves
rMut   .         Stasis   .     h - +0 pair of boots
MR     ++...                    (no amulet)
Stlth  ..........               (no ring)
                                v - ring of protection from fire

@: berserking, regenerating, very quick, very resistant to hostile enchantments,
extremely unstealthy
A: negative energy resistance 1, electricity resistance, unbreathing,
petrification resistance, rot immunity, AC +8
a: Burn Spellbooks, Berserk, Trog's Hand, Brothers in Arms, Renounce Religion


You were on level 2 of the Lair of Beasts.
You worshipped Trog.
Trog was greatly pleased with you.
You were hungry.

You visited 2 branches of the dungeon, and saw 13 of its levels.

You collected 519 gold pieces.

Inventory:

Hand weapons
 L - a +2 battleaxe (weapon)
Missiles
 G - 2 large rocks
Armour
 h - a +0 pair of boots (worn)
 l - a +1 plate armour (worn)
 A - a +0 helmet (worn)
 V - a +0 pair of gloves (worn)
Jewellery
 i - an uncursed amulet of clarity
 v - a ring of protection from fire (left hand)
 w - an uncursed amulet of warding
 x - a +1 ring of slaying {unknown}
 M - an uncursed ring of fire
 N - an uncursed ring of protection from cold
 Q - an uncursed ring of magical power {unknown}
 T - a +2 ring of strength {unknown}
Magical devices
 a - a wand of random effects (8)
 d - a wand of random effects (26)
 m - a wand of digging (23)
 s - a wand of random effects (29)
 t - a wand of confusion (19)
 O - a wand of frost (13)
Scrolls
 b - a scroll of amnesia {unknown}
 c - a scroll of remove curse
 f - 2 scrolls of immolation
 o - 4 scrolls of fear
 p - 3 scrolls of teleportation
 z - 2 scrolls of recharging
 S - 2 scrolls of identify
Potions
 e - 2 potions of haste
 g - a potion of brilliance
 n - a potion of poison
 B - a potion of cancellation {unknown}
 F - 2 potions of might
 P - a potion of beneficial mutation
Books
 j - a book of the Earth

   Spells                             Type                      Level
   a - Leda's Liquefaction            Hexes/Earth                  4
   b - Bolt of Magma                  Conjuration/Fire/Earth       5
   c - Statue Form                    Transmutation/Earth          6
   d - Iron Shot                      Conjuration/Earth            6
   e - Shatter                        Earth                        9
   Trog disapproves of the use of such an item.
 R - a book of Air

   Spells                             Type                      Level
   a - Shock                          Conjuration/Air              1
   b - Swiftness                      Charms/Air                   2
   c - Repel Missiles                 Charms/Air                   2
   d - Static Discharge               Conjuration/Air              3
   e - Lightning Bolt                 Conjuration/Air              5
   Trog disapproves of the use of such an item.
Comestibles
 k - a fruit
 q - 4 chunks of flesh
 r - 2 meat rations
 u - a beef jerky
 J - a slice of pizza
 W - 3 bread rations


   Skills:
 * Level 8.6 Fighting
 + Level 13.2 Axes
 + Level 9.6 Armour
 - Level 4.0 Dodging
 - Level 1.0 Stealth


You had 11 spell levels left.
You didn't know any spells.

Dungeon Overview and Level Annotations

Branches:
Dungeon (11/15)              Lair (2/8) D:11
 Temple: D:4-7          Orc: D:9-12

Altars:
Ashenzari
Cheibriados
Fedhas
Kikubaaqudgha
Qazlal
Xom
Yredelemnul
Zin


Innate Abilities, Weirdness & Mutations

You are resistant to torment.
Your stone body is resilient (AC +8).
You are immune to poison.
You resist negative energy.
You are resistant to electric shocks.
You can survive without breathing.
You are immune to petrification.
You are immune to rotting.


Message History

Trog accepts your kill.
You have reached level 12!
Your experience leads to an increase in your attributes!
Your base attributes are Str 24, Int 8, Dex 9.
Increase (S)trength, (I)ntelligence, or (D)exterity?
You feel stronger. x2
You slash the death yak!
The death yak is severely wounded.
You slice the death yak!!
The death yak is severely wounded.
You slash the death yak!
The death yak is lightly wounded.
You hit the death yak but do no damage.
The death yak is moderately wounded.
The death yak gores you!
* * * LOW HITPOINT WARNING * * *
The death yak gores you!
* * * LOW HITPOINT WARNING * * *
The death yak gores you!
You die...

## ####
.###.#####.#.###.
.................
..............#P.
................
.......<...>.#
.............#
........Y@Y..#
........†YYF.....
.........Y(......
#####P###....#...
## #....# ..
#.r..+ . P.....
P......


You could see 5 death yaks, a spiny frog and a porcupine.

Vanquished Creatures
  A hydra (Lair:1)
  Erica (D:8)
  A death yak (Lair:2)
  A hill giant (D:10)
  Maurice (D:8)
  Psyche (D:8)
  A komodo dragon (Lair:1)
  A troll (D:9)
  4 slime creatures (D:10)
  2 shadows
  7 yaks (D:9)
  A wyvern (D:10)
  2 hippogriffs
  A deep elf mage (D:11)
  2 water moccasins (Lair:1)
  4 wolves (Lair:1)
  2 porcupines (Lair:1)
  An ice beast (D:9)
  2 sky beasts
  4 ogres
  An eye of draining (D:10)
  6 orc warriors
  4 phantoms
  A necrophage (D:11)
  A wasp (D:9)
  3 crocodiles
  5 centaurs
  2 big kobolds
  3 elf skeletons (D:4)
  A wyvern zombie (D:11)
  9 giant frogs
  7 killer bees
  2 scorpions
  8 wights
  5 hounds
  3 jellies
  3 crimson imps
  2 centaur zombies
  A human zombie (D:4)
  A giant frog skeleton (D:7)
  3 iguanas
  9 orc wizards
  5 orc priests
  2 giant frog zombies
  3 human skeletons (D:4)
  Natasha (thrice) (D:2)
  7 worker ants
  4 hound skeletons
  A worker ant zombie (D:8)
  Robin (D:3)
  4 adders
  9 river rats (Lair:1)
  3 shadow imps
  An adder zombie (D:5)
  3 worms
  4 giant geckos
  36 orcs
  A ball python (D:1)
  8 bats
  9 giant cockroaches
  2 gnoll zombies (D:2)
  9 goblins
  11 hobgoblins
  13 jackals
  6 quokkas
  A giant gecko skeleton (D:7)
  4 giant newts
  A jackal skeleton (D:4)
  9 kobolds
  2 orc skeletons (D:4)
  2 orc zombies (D:4)
  A quokka zombie (D:2)
  11 rats
  A fungus (D:11)
  A plant (D:8)
298 creatures vanquished.

Vanquished Creatures (collateral kills)
  An iguana (Lair:1)
  4 river rats (Lair:1)
5 creatures vanquished.

Grand Total: 303 creatures vanquished

Notes
Turn   | Place    | Note
--------------------------------------------------------------
     0 | D:1      | tp1 the Gargoyle Berserker began the quest for the Orb.
     0 | D:1      | Reached XP level 1. HP: 14/14 MP: 1/1
   134 | D:1      | Reached XP level 2. HP: 13/19 MP: 2/2
   328 | D:1      | Found a shattered altar of Ashenzari.
   349 | D:1      | Acquired Trog's second power
   349 | D:1      | Reached XP level 3. HP: 18/24 MP: 3/3
   564 | D:2      | Reached skill level 4 in Fighting
   777 | D:2      | Noticed Natasha
   786 | D:2      | Killed Natasha
   786 | D:2      | Reached XP level 4. HP: 29/29 MP: 4/4
   900 | D:2      | Noticed Natasha
   908 | D:2      | Killed Natasha
  1294 | D:2      | Noticed Natasha
  1298 | D:2      | Killed Natasha
  1441 | D:2      | Found a basalt altar of Yredelemnul.
  1513 | D:3      | Reached XP level 5. HP: 33/33 MP: 5/5
  1577 | D:3      | Noticed Robin
  1587 | D:3      | Killed Robin
  2468 | D:4      | Reached XP level 6. HP: 10/39 MP: 6/6
  2836 | D:4      | Reached skill level 1 in Stealth
  2981 | D:4      | Found a snail-covered altar of Cheibriados.
  3067 | D:4      | Reached XP level 7. HP: 30/44 MP: 7/7
  3222 | D:4      | Reached skill level 5 in Axes
  3304 | D:5      | Entered Level 5 of the Dungeon
  3582 | D:5      | Reached XP level 8. HP: 48/48 MP: 8/8
  3692 | D:5      | Reached skill level 6 in Axes
  3732 | D:5      | Found a glowing silver altar of Zin.
  3951 | D:6      | Reached skill level 5 in Armour
  4179 | D:6      | Found a stormy altar of Qazlal.
  4483 | D:6      | Reached skill level 7 in Axes
  4715 | D:7      | Reached skill level 8 in Axes
  4736 | D:7      | Reached XP level 9. HP: 33/52 MP: 9/9
  5085 | D:7      | Reached skill level 9 in Axes
  5963 | D:8      | Noticed Maurice
  6080 | D:8      | Reached skill level 10 in Axes
  6410 | D:8      | Noticed Psyche
  6416 | D:8      | Paralysed by Psyche for 7 turns
  6433 | D:8      | Killed Psyche
  6433 | D:8      | Reached XP level 10. HP: 58/58 MP: 10/10
  6566 | D:8      | Found an ancient bone altar of Kikubaaqudgha.
  6566 | D:8      | Found a blossoming altar of Fedhas.
  6699 | D:8      | Received a gift from Trog
  6844 | D:8      | Killed Maurice
  6844 | D:8      | Reached skill level 11 in Axes
  6847 | D:8      | Noticed Erica
  6874 | D:8      | Killed Erica
  7364 | D:9      | Acquired Trog's third power
  7426 | D:9      | Reached skill level 12 in Axes
  7571 | D:9      | Found a shimmering altar of Xom.
  7766 | D:9      | Reached XP level 11. HP: 56/62 MP: 11/11
  8002 | D:9      | Reached skill level 5 in Fighting
  8316 | D:10     | Entered Level 10 of the Dungeon
  8443 | D:10     | Noticed a hill giant
  8450 | D:10     | Killed a hill giant
  8622 | D:10     | Upgraded the game from 0.17-a0-1939-ga475588 to 0.17-a0-1942-g46ae386
  9459 | D:11     | Found a staircase to the Lair.
  9483 | Lair:1   | Entered Level 1 of the Lair of Beasts
  9510 | Lair:1   | Reached skill level 13 in Axes
  9766 | Lair:1   | Noticed an eight-headed hydra
  9782 | Lair:1   | Killed a 16-headed hydra
 10345 | Lair:2   | Noticed a death yak
 10345 | Lair:2   | Noticed a death yak
 10345 | Lair:2   | Noticed a death yak
 10345 | Lair:2   | Noticed a death yak
 10345 | Lair:2   | Noticed a death yak
 10347 | Lair:2   | Noticed a death yak
 10354 | Lair:2   | Killed a death yak
 10354 | Lair:2   | Reached XP level 12. HP: 38/75 MP: 12/12
 10354 | Lair:2   | Slain by a death yak

Vault maps used:
D:1:      lemuel_arrival_behind_the_door_large, minmay_misc_feat_square,
          evilmike_ruin_ashenzari
D:2:      lemuel_zombie_altar_yredelemnul, serial_undead, serial_undead_a,
          serial_undead_c, serial_undead_d, serial_undead_c, serial_undead_f,
          serial_undead_b, serial_undead_e, serial_undead_e, serial_undead_b,
          serial_undead_c, kennysheep_generic_room_14, uniq_natasha
D:3:      first_bread, uniq_robin
D:4:      overflow_temple_1_default, nicolae_ossuary_entry_catacombs
D:5:      kennysheep_mini, minmay_temple_entry_nine_rooms
D:6:      nicolae_overflow_crystal_walls, hangedman_decor_peaks_small,
          kennysheep_generic_room_13
D:7:      minmay_misc_feat_columns
D:8:      grunt_temple_overflow_growth_and_decay, uniq_psyche, uniq_erica,
          uniq_maurice
D:9:      kennysheep_six_static_rooms, overflow_temple_1_default
D:11:     due_lair_maze_entry_diamond
Lair:1:   infiniplex_staircase_pool_2
Lair:2:   mu_elephants_graveyard

Action                   |  1- 3 |  4- 6 |  7- 9 | 10-12 || total
-------------------------+-------+-------+-------+-------++-------
Melee: Hand axe          |   121 |   293 |   192 |       ||   606
       War axe           |       |       |    57 |       ||    57
       Battleaxe         |       |       |   218 |   360 ||   578
Invok: Berserk           |     3 |     2 |    13 |    13 ||    31
       Trog's Hand       |     2 |     4 |    11 |    14 ||    31
       Brothers in Arms  |       |       |       |     2 ||     2
  Use: Scroll            |       |     5 |    15 |     4 ||    24
       Potion            |       |       |       |     9 ||     9
  Eat: Chunk             |     2 |    11 |    17 |    24 ||    54
       Bread ration      |       |       |     2 |       ||     2
       Fruit             |       |       |       |     5 ||     5
